 Dungeon Crawl Stone Soup version 0.30.1-11-g7821555f0a (webtiles) character file.

Game seed: 2062628031460913424

40 GordonOverkill the Sneak (level 3, -1/20 HPs)
             Began as a Spriggan Delver on Jan 17, 2024.
             Succumbed to an adder's poison
             ... on level 5 of the Dungeon.
             The game lasted 00:00:56 (142 turns).

GordonOverkill the Sneak (Spriggan Delver)           Turns: 142, Time: 00:00:56

Health: -1/20      AC:  2    Str: 10    XL:     3   Next: 30%
Magic:  4/4        EV: 17    Int: 11    God:
Gold:   41         SH:  0    Dex: 16    Spells: 2/2 levels left

rFire   . . .        h - +4 whip
rCold   . . .        (no shield)
rNeg    . . .        b - +0 robe
rPois   .            (helmet restricted)
rElec   .            (no cloak)
rCorr   .            (gloves unavailable)
SInv    +            (boots unavailable)
Will    .....        (no amulet)
Stlth   ++++         (no ring)
HPRegen 0.23/turn    (no ring)
MPRegen 0.09/turn

%: no passive effects
@: lethally poisoned (-1 -> -7), very quick
A: very small, no large weapons, unfitting armour, see invisible, speed 3
a: no special abilities


You were on level 5 of the Dungeon.
You visited 1 branch of the dungeon, and saw 2 of its levels.

You collected 41 gold pieces.

Inventory:

Hand Weapons
 a - a +0 short sword
 h - a +4 whip (weapon)
Armour
 b - a +0 robe (worn)
Jewellery
 i - a ring of resist corrosion
Wands
 g - a wand of digging (3)
Scrolls
 c - a scroll of fog
 d - a scroll of magic mapping
 e - a scroll of fear
Potions
 f - a potion of haste


   Skills:
 - Level 3.0 Fighting
 - Level 2.1 Short Blades
 + Level 1.4 Maces & Flails
 - Level 3.0 Dodging
 - Level 7.2 Stealth


You had 2 spell levels left.
You didn't know any spells.
Your spell library was empty.

Dungeon Overview and Level Annotations

Branches:
Dungeon (6/15)
 Temple: D:4-7

Altars:
Wu Jian


Innate Abilities, Weirdness & Mutations

You are very small and have problems with some larger weapons.
You are too small for most types of armour.
You have supernaturally acute eyesight. (SInv)
You cover ground extremely quickly. (Speed+++)


Message History

You feel stronger. x2
You now have 41 gold pieces (gained 7).
i - a ring of resist corrosion An adder comes into view.
An adder is nearby!
An adder is nearby!
An adder is nearby!
An iguana comes into view.
The adder barely misses you.
You miss the adder. The adder bites you.
You are too injured to fight recklessly!
You are too injured to fight recklessly!
You are too injured to fight recklessly!
The adder bites you.
You are too injured to fight recklessly!
You are too injured to fight recklessly!
You are too injured to fight recklessly!
You miss the adder. The adder bites you.
* * * LOW HITPOINT WARNING * * *
You are poisoned.
The adder poisons you!
You hit the adder.
The adder is lightly wounded.
You feel sick. The adder bites you.
* * * LOW HITPOINT WARNING * * *
You closely miss the adder.
The adder is lightly wounded.
You feel sick. The adder bites you.
* * * LOW HITPOINT WARNING * * *
You are lethally poisoned!
The adder poisons you! The adder bites you but does no damage.
Okay, then.
You hit the adder.
The adder is heavily wounded.
* * * LOW HITPOINT WARNING * * *
You feel sick. The adder bites you.
* * * LOW HITPOINT WARNING * * *
You closely miss the adder.
The adder is heavily wounded.
You die...

####### #####.....### #
#...........### #########
................# #.........
##............### #.........
#............#### #.........
#.......####lS@.######.........
#...##### ####................
##.. #####...##........ ..#
###......## ###.....
###........# ##...#
###.....[....# ##.#..
##............######..###
###.....................###
#.............####.####....


You could see an iguana and an adder.

Vanquished Creatures
  A hound (D:5)
  An adder (D:5)
  A dart slug (D:5)
3 creatures vanquished.

Notes
Turn   | Place    | Note
-------+----------+-------------------------------------------
     0 | D:5      | GordonOverkill the Spriggan Delver began the quest for the
                  | Orb.
     0 | D:5      | Reached XP level 1. HP: 11/11 MP: 2/2
    40 | D:5      | Reached XP level 2. HP: 16/16 MP: 3/3
    70 | D:5      | Found an ornate altar of the Wu Jian Council.
    89 | D:5      | Reached skill level 1 in Maces & Flails
    89 | D:5      | Reached XP level 3. HP: 20/20 MP: 4/4
   141 | D:5      | HP: 1/20 [adder (2)]
   142 | D:5      | Succumbed to an adder's poison

Illustrated notes

Levels and vault maps discovered:
D:5:      kennysheep_slugbush, layout_cave_pods, elyvilon_altar_5,
          old_standard_altar, st_stairs_4, uniq_edmund, uniq_menkaure,
          uniq_eustachio
D:6:      layout_basic, minmay_temple_entry_drinking_statues, minivault_5,
          minivault_19, grunt_ministairs_4, minmay_quadrilaterals

Skill      XL: |  1  2 |
---------------+-------+-----
Fighting       | 3 |  3.0
Maces & Flails | 1 |  1.4
Dodging        | 3 |  3.0
Short Blades   | |  2.1
Stealth        | |  7.2

Action                     || total
---------------------------++-------
  Melee: Short sword       ||     8
         Whip              ||    10
   Stab: Sleeping          ||     1
 Armour: Robe              ||     1
  Dodge: Dodged            ||    10
